 Dungeon Crawl Stone Soup version 0.18-b1-2-gd0c887e (webtiles) character file.

326 pragmatic the Skirmisher (level 6, -7/40 HPs)
             Began as a Gargoyle Berserker on Apr 28, 2016.
             Was a Priest of Trog.
             Mangled by an ogre
             ... wielding a +0 giant club
              (18 damage)
             ... on level 4 of the Dungeon.
             The game lasted 00:41:45 (3311 turns).

pragmatic the Skirmisher (Gargoyle Berserker)       Turns: 3311, Time: 00:41:45

Health: -7/40      AC: 18    Str: 23    XL:     6   Next: 49%
Magic:  6/6        EV:  4    Int:  7    God:    Trog [***...]
Gold:   158        SH:  7    Dex:  9    Spells: 0 memorised, 5 levels left

rFire  . . .     SeeInvis .     a - +0 mace
rCold  . . .     Gourm    .     w - +0 plate armour
rNeg   + . .     Faith    .     v - +0 shield
rPois  ∞         Spirit   .     (no helmet)
rElec  +         Dismiss  .     h - +1 cloak
rCorr  .         Reflect  .     (no gloves)
SustAt .         Harm     .     (no boots)
MR     +....                    (no amulet)
Stlth  ..........               (no ring)
                                f - ring of protection from magic

@: somewhat resistant to hostile enchantments, extremely unstealthy
A: negative energy resistance 1, electricity resistance, unbreathing,
petrification resistance, rot immunity, AC +4
a: Berserk, Trog's Hand, Burn Spellbooks, Renounce Religion


You were on level 4 of the Dungeon.
You worshipped Trog.
Trog was most pleased with you.
You were not hungry.

You visited 1 branch of the dungeon, and saw 4 of its levels.

You collected 158 gold pieces.

Inventory:

Hand Weapons
 a - a +0 mace (weapon)
Armour
 b - a +2 scale mail of fire resistance
 h - a +1 cloak (worn)
 v - a +0 shield (worn)
 w - a +0 plate armour (worn)
Jewellery
 f - a ring of protection from magic (left hand)
 i - an uncursed ring of sustain attributes
Scrolls
 e - 2 scrolls of remove curse
 m - a scroll of magic mapping
Potions
 d - 2 potions of curing {unknown}
 k - 2 potions of heal wounds {unknown}
 n - a potion of flight {unknown}
 p - a potion of magic {unknown}
 q - a potion of mutation {unknown}
 r - 2 potions of brilliance {unknown}
 s - 3 potions of agility {unknown}
 u - a potion of resistance {unknown}
 x - a potion of cure mutation {unknown}
Comestibles
 c - 2 bread rations
 o - 2 meat rations
 t - a slice of pizza


   Skills:
 + Level 5.0 Fighting
 + Level 4.6 Maces & Flails
 + Level 4.8 Armour
 - Level 1.5 Dodging


You had 5 spell levels left.
You didn't know any spells.

Dungeon Overview and Level Annotations

Branches:
Dungeon (4/15)
 Temple: D:4-7

Altars:
Ashenzari
Cheibriados
Kikubaaqudgha
Qazlal
Ru


Innate Abilities, Weirdness & Mutations

You are resistant to torment.
Your stone body is resilient (AC +4).
You are immune to poison.
You resist negative energy.
You are resistant to electric shocks.
You can survive without breathing.
You are immune to petrification.
You are immune to rotting.


Message History

The adder bites you but does no damage. You block the ogre's attack.
Your plate armour prevents you from hitting the ogre.
You block the adder's attack. The ogre hits you with a giant club!
You block the adder's attack.
You hit the ogre.
The ogre is lightly wounded.
The adder bites you but does no damage. The ogre hits you with a giant club.
The adder bites you but does no damage.
You sock the ogre!
The ogre is heavily wounded.
You block the adder's attack. The ogre hits you with a giant club.
* * * LOW HITPOINT WARNING * * *
The adder bites you but does no damage.
You thump the ogre!
The ogre is almost dead.
The ogre barely misses you. You block the adder's attack.
You hit the ogre.
The ogre is almost dead.
The adder bites you but does no damage. The ogre hits you with a giant club!!
You die...

#. # ##.##### ..
.....># ... ...#.#
....######..#.### ###
........[...#... ..#
.......S.?..#.#####.###
......O@..............#
..............###.#.#.#
.......####+###
#.....## .......
#.#=.... .......
#.#....# .......
#.#....# .......
#.#....# .##....
.#.#.)..# ###.#.#....#


You could see an ogre and an adder.

Vanquished Creatures
  2 howler monkeys
  3 orc priests (D:3)
  A giant frog skeleton (D:4)
  5 adders
  2 oozes
  An adder skeleton (D:4)
  A worm (D:3)
  4 dart slugs
  2 giant geckos (D:1)
  5 orcs
  11 bats
  3 giant cockroaches
  3 goblins
  5 hobgoblins
  5 jackals
  2 ball pythons (D:2)
  5 giant newts
  7 kobolds
  5 rats
  A plant (D:3)
73 creatures vanquished.

Notes
Turn   | Place    | Note
--------------------------------------------------------------
     0 | D:1      | pragmatic the Gargoyle Berserker began the quest for the Orb.
     0 | D:1      | Reached XP level 1. HP: 14/14 MP: 1/1
   157 | D:1      | Reached XP level 2. HP: 16/19 MP: 2/2
   487 | D:1      | Reached ** piety under Trog
   537 | D:1      | Reached XP level 3. HP: 24/24 MP: 3/3
   556 | D:1      | Reached skill level 4 in Fighting
  1116 | D:2      | Found a shattered altar of Ashenzari.
  1318 | D:2      | Reached XP level 4. HP: 30/30 MP: 4/4
  1866 | D:3      | Reached *** piety under Trog
  1890 | D:3      | Reached XP level 5. HP: 32/34 MP: 5/5
  2324 | D:3      | Found a snail-covered altar of Cheibriados.
  2324 | D:3      | Found a stormy altar of Qazlal.
  2324 | D:3      | Found a sacrificial altar of Ru.
  2373 | D:3      | Reached XP level 6. HP: 40/40 MP: 6/6
  3168 | D:4      | Found an ancient bone altar of Kikubaaqudgha.
  3297 | D:4      | Reached skill level 5 in Fighting
  3311 | D:4      | Mangled by an ogre

Skill      XL: |  1  2  3  4  5  6 |
---------------+-------------------+-----
Fighting       | 4 5 |  5.0
Armour         | 3 4 |  4.8
Maces & Flails | 4 |  4.6
Dodging        | |  1.5

Action                   |  1- 3 |  4- 6 || total
-------------------------+-------+-------++-------
Melee: Mace              |   161 |   176 ||   337
Invok: Berserk           |       |     1 ||     1
  Use: Scroll            |       |     7 ||     7
  Eat: Chunk             |     2 |     4 ||     6
       Bread ration      |       |     1 ||     1
Armor: Animal skin       |    10 |       ||    10
       Chain mail        |   134 |    98 ||   232
       Plate armour      |       |    39 ||    39
Dodge: Dodged            |   116 |    81 ||   197
Block: Shield            |       |    18 ||    18
